 Dungeon Crawl Stone Soup version 0.24-a0-434-gd57e52fea8 (webtiles) character file.

Game seed: 7801005818735057217

351 mhoghedin the Conjurer (level 6, -2/45 HPs)
             Began as a Draconian Conjurer on June 16, 2019.
             Slain by a scorpion zombie (6 damage)
             ... in an ossuary.
             The game lasted 00:05:46 (3211 turns).

mhoghedin the Conjurer (Draconian Conjurer)         Turns: 3211, Time: 00:05:47

Health: -2/45      AC:  7    Str: 10    XL:     6   Next: 34%
Magic:  8/10       EV: 12    Int: 22    God:
Gold:   172        SH:  0    Dex: 12    Spells: 4/11 levels left

rFire    . . .     SeeInvis .   m - +3 short sword (holy)
rCold    . . .     Gourm    .   (no shield)
rNeg     . . .     Faith    .   (armour unavailable)
rPois    .         Spirit   .   (helmet restricted)
rElec    .         Reflect  .   i - +0 cloak
rCorr    .         Harm     .   (no gloves)
MR       .....                  (no boots)
Stlth    ++........             (no amulet)
HPRegen  0.15/turn              (no ring)
MPRegen  0.12/turn              (no ring)

@: brilliant
A: unfitting armour, cold-blooded, AC +6
a: no special abilities


You were in an ossuary.
You were very hungry.

You visited 1 branch of the dungeon, and saw 4 of its levels.
You also visited: Ossuary.

You collected 172 gold pieces.

Inventory:

Hand Weapons
 e - a +0 dagger
   (You took it off a goblin on level 1 of the Dungeon)
 k - a +1 dagger of draining
   (You took it off a goblin on level 1 of the Dungeon)
 m - a +3 short sword of holy wrath (weapon)
   (You took it off a kobold on level 2 of the Dungeon)
Armour
 i - a +0 cloak (worn)
   (You found it on level 1 of the Dungeon)
 p - a +0 pair of boots
   (You found it on level 4 of the Dungeon)
Jewellery
 o - an uncursed ring of poison resistance {unknown}
   (You found it on level 3 of the Dungeon)
Scrolls
 c - 2 scrolls of fear
 g - a scroll of blinking {unknown}
 j - 5 scrolls of identify
 n - a scroll of magic mapping {unknown}
Potions
 a - a potion of brilliance
 d - a potion of curing {unknown}
 h - a potion of degeneration {unknown}
 l - a potion of magic {unknown}
 q - a potion of mutation {unknown}
Comestibles
 b - 6 rations


   Skills:
 - Level 1.7 Dodging
 - Level 1.7 Stealth
 - Level 3.0 Spellcasting
 + Level 7.2 Conjurations


You had 4 spell levels left.
You knew the following spells:

 Your Spells              Type           Power        Failure   Level  Hunger
a - Magic Dart            Conj           ####         1%          1    None
b - Searing Ray           Conj           #####.       1%          2    ##.....
x - Iskenderun's Mystic   Conj           #####...     1%          4    ####...

Your spell library contained the following spells:

 Spells                   Type           Power        Failure   Level  Hunger
 Dazzling Spray           Conj/Hex       ####..       1%          3    ###....
 Force Lance              Conj/Tloc      ####....     3%          4    ####...
 Fulminant Prism          Conj/Hex       ####......   3%          4    ####...


Dungeon Overview and Level Annotations

Branches:
Dungeon (4/15)
 Temple: D:4-7

Altars:
Cheibriados
Dithmenos
Trog
Xom


Innate Abilities, Weirdness & Mutations

Your plain brown scales are hard. (AC +6)
You cannot fit into any form of body armour.
You are cold-blooded and may be slowed by cold attacks.


Message History

As you open the door, it creaks loudly!
A mummy comes into view.
A mummy is nearby!
No reachable target in view!
A mummy is nearby!
There is an open door here.
You avoid triggering an arrow trap.
There is an arrow trap here.
You avoid triggering a spear trap.
There is a spear trap here.
You avoid triggering a dart trap.
There is a dart trap here.
You open the door. 3 zombies come into view.
There is an open door here.
The helpless big kobold zombie fails to defend itself.
You hit the big kobold zombie.
The big kobold zombie convulses.
The big kobold zombie misses you.
You barely miss the big kobold zombie. You tail-slap the big kobold zombie.
The big kobold zombie hits you but does no damage.
The scorpion zombie barely misses you.
The big kobold zombie completely misses you.
You barely miss the big kobold zombie. The big kobold zombie hits you.
The scorpion zombie hits you.
The big kobold zombie hits you but does no damage.
You take 8 damage, and have 37/45 hp.
You hit the big kobold zombie.
The big kobold zombie convulses.
The big kobold zombie barely misses you.
The scorpion zombie hits you.
The big kobold zombie barely misses you.
You take 6 damage, and have 31/45 hp.
You hit the big kobold zombie.
The big kobold zombie convulses.
The big kobold zombie hits you but does no damage.
The scorpion zombie misses you.
The big kobold zombie hits you but does no damage.
You hit the big kobold zombie.
The big kobold zombie convulses.
The scorpion zombie closely misses you.
The big kobold zombie closely misses you.
The big kobold zombie hits you but does no damage.
You barely miss the big kobold zombie. The scorpion zombie hits you.
The big kobold zombie hits you but does no damage.
You take 1 damage, and have 31/45 hp.
You hit the big kobold zombie.
The big kobold zombie convulses.
The big kobold zombie barely misses you.
You hit the big kobold zombie.
The big kobold zombie convulses.
The big kobold zombie barely misses you.
The scorpion zombie hits you. The big kobold zombie hits you.
You take 6 damage, and have 25/45 hp.
You are too injured to fight recklessly!
You are too injured to fight recklessly!
You are too injured to fight recklessly!
You are too injured to fight recklessly!
You are too injured to fight recklessly!
You are too injured to fight recklessly!
You are too injured to fight recklessly!
You are too injured to fight recklessly!
You are too injured to fight recklessly!
You are too injured to fight recklessly!
You are too injured to fight recklessly!
You are too injured to fight recklessly!
You are too injured to fight recklessly!
You are too injured to fight recklessly!
You are too injured to fight recklessly!
You are too injured to fight recklessly!
You are too injured to fight recklessly!
You are too injured to fight recklessly!
You hit the big kobold zombie.
The big kobold zombie convulses.
You destroy the big kobold zombie!
The big kobold zombie misses you. The scorpion zombie misses you.
The big kobold zombie hits you.
You take 5 damage, and have 20/45 hp.
You hit the big kobold zombie.
The big kobold zombie convulses.
The big kobold zombie hits you but does no damage.
The scorpion zombie barely misses you.
You hit the big kobold zombie.
The big kobold zombie convulses.
The big kobold zombie hits you. The scorpion zombie hits you.
* * * LOW HITPOINT WARNING * * *
You puncture the big kobold zombie!
The big kobold zombie convulses.
The big kobold zombie hits you but does no damage.
The scorpion zombie hits you.
* * * LOW HITPOINT WARNING * * *
You hit the big kobold zombie.
The big kobold zombie convulses.
The big kobold zombie hits you.
* * * LOW HITPOINT WARNING * * *
You hit the big kobold zombie.
You destroy the big kobold zombie!
The scorpion zombie hits you but does no damage.
The scorpion zombie hits you but does no damage.
The scorpion zombie hits you.
* * * LOW HITPOINT WARNING * * *
You take 18 damage, and have 3/45 hp.
MASSIVE DAMAGE!!
It was a potion of brilliance.
You feel clever all of a sudden.
The scorpion zombie hits you but does no damage.
Aim: a scorpion zombie The searing ray hits the scorpion zombie! (Press . to maintain the ray.)
The scorpion zombie hits you.
You die...

#?.M#^^^#...#...#
##+#######'##########
#.....#.....#
#.....#.....#
#.....8.....#
#...........##+##
#...........#...#
###8.....8###.Z.#
#...........#..@#
#...........##'######
#.....8.....#^^^#M!!#
#.....#.....'^^^#!.!+
#.....#.....#^^^#.=!#
#####################


You could see a scorpion zombie.

Vanquished Creatures
  2 scorpions (Ossuary)
  A hound (D:4)
  A centaur zombie (Ossuary)
  3 big kobold zombies (Ossuary)
  A hound zombie (D:3)
  A scorpion zombie (Ossuary)
  2 adders
  An ooze (D:2)
  2 worms (D:2)
  A dart slug (D:1)
  3 leopard geckos
  2 orcs (D:3)
  2 ball pythons
  6 giant cockroaches
  3 hobgoblins
  12 jackals
  6 kobolds
  A quokka (D:2)
  8 bats
  3 frilled lizards
  6 goblins
  2 goblin zombies (Ossuary)
  2 hobgoblin zombies (Ossuary)
  2 kobold zombies (Ossuary)
  9 rats
82 creatures vanquished.

Notes
Turn   | Place    | Note
-------+----------+-------------------------------------------
     0 | D:1      | mhoghedin the Draconian Conjurer began the quest for the
                  | Orb.
     0 | D:1      | Reached XP level 1. HP: 14/14 MP: 3/3
    86 | D:1      | HP: 3/14 [jackal (1)]
   408 | D:1      | Reached XP level 2. HP: 20/20 MP: 3/5
   433 | D:1      | Learned a level 2 spell: Searing Ray
   579 | D:1      | Found a snail-covered altar of Cheibriados.
   925 | D:1      | Reached XP level 3. HP: 23/26 MP: 7/7
  1175 | D:2      | Reached skill level 3 in Spellcasting
  1234 | D:2      | Found a shadowy altar of Dithmenos.
  1479 | D:2      | Reached XP level 4. HP: 30/33 MP: 8/8
  1492 | D:2      | Reached skill level 5 in Conjurations
  1738 | D:2      | Learned a level 4 spell: Iskenderun's Mystic Blast
  1759 | D:3      | Found a shimmering altar of Xom.
  1981 | D:3      | Found a bloodstained altar of Trog.
  2486 | D:4      | Reached XP level 5. HP: 15/38 MP: 9/9
  2538 | D:4      | Found a sand-covered staircase.
  2583 | Ossuary  | Entered an ossuary
  2712 | Ossuary  | Reached skill level 6 in Conjurations
  2875 | Ossuary  | HP: 8/38 [scorpion (8)]
  3140 | Ossuary  | Reached skill level 7 in Conjurations
  3140 | Ossuary  | Reached XP level 6. HP: 42/45 MP: 6/10
  3205 | Ossuary  | HP: 10/45 [scorpion zombie (2)]
  3209 | Ossuary  | HP: 3/45 [scorpion zombie (4)]
  3211 | Ossuary  | Slain by a scorpion zombie

Levels and vault maps discovered:
D:1:      lightli_iron_boxes, layout_basic, cheibriados_altar_1
D:2:      layout_rooms, grunt_dithmenos_smoke_and_mirrors
D:3:      layout_loops_ring, overflow_temple_1_default, xom_teletrap_fun,
          first_ration, minmay_ruptured
D:4:      layout_basic, serial_shops, nicolae_shop_crystal,
          lightli_ossuary_entry_decrepit_ruins, minmay_goblin_outpost
Ossuary:  ossuary_minmay_scorpions

Skill      XL: |  1  2  3  4  5 |
---------------+----------------+-----
Spellcasting   | 3 |  3.0
Conjurations   | 5 7 |  7.2
Dodging        | |  1.7
Stealth        | |  1.7

Action                   |  1- 3 |  4- 6 || total
-------------------------+-------+-------++-------
Melee: Unarmed           |    18 |       ||    18
       Tailslap          |     5 |    15 ||    20
       Dagger            |    54 |       ||    54
       Short sword       |    29 |   147 ||   176
 Cast: Magic Dart        |    15 |     2 ||    17
       Searing Ray       |     4 |     2 ||     6
       Iskenderun's Myst |       |     2 ||     2
  Use: Scroll            |     3 |     1 ||     4
       Potion            |       |     1 ||     1
 Stab: Sleeping          |       |     7 ||     7
  Eat: Chunk             |     2 |     2 ||     4
       Ration            |       |     1 ||     1
Armor: Skin              |    48 |    71 ||   119
Dodge: Dodged            |    92 |   133 ||   225

Table legend:
 A = Non-vault XP
 B = Vault XP
 C = Vault XP percentage of total XP
 D = Non-vault monster count
 E = Vault monster count
 F = Vault count percentage of total count
                 A         B        C        D         E       F
            +---------+---------+-------+---------+---------+-------
      Total |     212 |     290 |  57.8 |      67 |      15 |  18.3
            +---------+---------+-------+---------+---------+-------
        D:1 |      47 |       0 |   0.0 |      26 |       0 |   0.0
        D:2 |      67 |       0 |   0.0 |      28 |       0 |   0.0
        D:3 |      50 |       5 |   9.1 |      11 |       2 |  15.4
        D:4 |      48 |       0 |   0.0 |       2 |       0 |   0.0
    Ossuary |       0 |     285 | 100.0 |       0 |      13 | 100.0
            +---------+---------+-------+---------+---------+-------

Levels and vault maps discovered:
D:1:      lightli_iron_boxes, layout_basic, cheibriados_altar_1
D:2:      layout_rooms, grunt_dithmenos_smoke_and_mirrors
D:3:      layout_loops_ring, overflow_temple_1_default, xom_teletrap_fun,
          first_ration, minmay_ruptured
D:4:      layout_basic, serial_shops, nicolae_shop_crystal,
          lightli_ossuary_entry_decrepit_ruins, minmay_goblin_outpost
Ossuary:  ossuary_minmay_scorpions

Table legend:
 A = Turns spent in this place as a percentage of turns spent in the entire game.
 B = Non-inter-level travel turns spent in this place as a percentage of non-inter-level travel turns spent in the entire game.
 C = Inter-level travel turns spent in this place as a percentage of turns spent in this place.
 D = Turns resting spent in this place as a percentage of non-inter-level travel turns spent in this place.
 E = Turns spent auto-exploring this place as a percentage of non-inter-level travel turns spent in this place.
 F = Non-inter-level travel turns spent in this place divided by the number of levels of this place that you've seen.
                   A       B       C       D       E      F
               +-------+-------+-------+-------+-------+----------------------
         Total | 100.0 | 100.0 |   1.8 |  34.5 |  44.2 | 630.8
       Dungeon |  80.4 |  80.1 |   2.2 |  23.8 |  54.2 | 631.5
       Ossuary |  19.6 |  19.9 |   0.0 |  77.4 |   3.8 | 628.0
               +-------+-------+-------+-------+-------+----------------------

Table legend:
 A = Kills in this place as a percentage of kills in entire the game.
 B = Kills by you in this place as a percentage of kills by you in the entire game.
 C = Kills by friends in this place as a percentage of kills by friends in the entire game.
 D = Other kills in this place as a percentage of other kills in the entire game.
 E = Experience gained in this place as a percentage of experience gained in the entire game.
 F = Experience gained in this place divided by the number of levels of this place that you have seen.
                   A       B       C       D       E      F
               +-------+-------+-------+-------+-------+----------------------
         Total | 100.0 | 100.0 |   N/A |   N/A | 100.0 | 100.4
       Dungeon |  84.1 |  84.1 |   N/A |   N/A |  43.2 |  54.2
       Ossuary |  15.9 |  15.9 |   N/A |   N/A |  56.8 | 285.0
               +-------+-------+-------+-------+-------+----------------------
